[Event "*** Titled Tuesday Blitz"]
[Site "Chess.com"]
[Date "2020.11.10"]
[Round "10"]
[White "26andrej26"]
[Black "anon481216"]
[Result "1-0"]
[WhiteElo "2531"]
[BlackElo "2401"]
[TimeControl "180+1"]
[EndTime "12:01:23 PST"]
[Termination "26andrej26 won by resignation"]

1. e4 c5 2. Nf3 Nf6 3. e5 Nd5 4. Nc3 Nxc3 5. dxc3 Nc6 6. Bc4 e6 7. O-O Qc7 8. Re1 d6 9. exd6 Bxd6 10. h3 O-O 11. Qe2 b6 12. Bg5 Bb7 13. Rad1 Rae8 14.
a3 h6 15. Bc1 Ne7 16. Bb5 Rd8 17. Bd3 Bf4 18. Bxf4 Qxf4 19. Qe5 Qxe5 20. Nxe5 Nc6 21. Nf3 Ne7 22. Ne5 Nc6 23. Be4 Nxe5 24. Bxb7 Nc4 25. Rb1 Rd2 26. Be4 Rfd8 27. Bd3 b5 28. a4 a6 29. axb5 axb5 30. Rec1 Nd6 31. Kf1 c4 32. Ke1 Rxd3 33. cxd3 cxd3 34. Rd1 Nc4 35. b3 Na3 36. Rbc1 e5 37. c4 b4 38. c5 e4 39. c6 Nb5 40. c7 Rc8 41. Rc4 Nc3 42. Rc1 f5 43. Rxb4 1-0

[Event "*** Titled Tuesday Blitz"]
[Site "Chess.com"]
[Date "2020.11.10"]
[Round "10"]
[White "Nils_03"]
[Black "Lady_Nika"]
[Result "0-1"]
[WhiteElo "2249"]
[BlackElo "2371"]
[TimeControl "180+1"]
[EndTime "12:01:26 PST"]
[Termination "Lady_Nika won by resignation"]

1. Nf3 d5 2. g3 e6 3. Bg2 Bd6 4. O-O f5 5. b3 Nf6 6. Bb2 O-O 7. d3 Nbd7 8. Nbd2 e5 9. e4 fxe4 10. dxe4 d4 11. Qe2 Qe7 12. Nc4 Nc5 13. Nfd2 Bg4 14. f3 Bh5 15. Nxd6 cxd6 16. Ba3 Rac8 17. Rac1 Kh8 18. c4 Qf7 19. Bxc5 dxc5 20. Bh3 Rce8 21. a3 h6 22. b4 b6 23. Rb1 Rb8 24. Rb3 Rb7 25.
Rfb1 Rfb8 26. Kg2 Bg6 27. bxc5 bxc5 28. Be6 Qc7 29. Bd5 Rxb3 30. Rxb3 Rxb3 31. Nxb3 Qb6 32. Qd3 a5 33. h4 a4 34. Nd2 Qb2 35. Kh3 Be8 36.
f4 Bd7+ 37. f5 Nxd5 38. cxd5 Bb5 39. Qf3 Qc3 40. Qh5 Qxd2 41. f6 Bf1+ 42. Kg4 Qe2+ 0-1

[Event "*** Titled Tuesday Blitz"]
[Site "Chess.com"]
[Date "2020.11.10"]
[Round "10"]
[White "Boudicca64"]
[Black "Klavdia_Nik"]
[Result "0-1"]
[WhiteElo "1850"]
[BlackElo "2113"]
[TimeControl "180+1"]
[EndTime "12:01:26 PST"]
[Termination "Klavdia_Nik won on time"]

1. e4 g6 2. d4 d6 3. Be3 Bg7 4.
Nc3 c6 5. Qd2 Nd7 6. Be2 b5 7. Nf3 Bb7 8. O-O a6 9. d5 c5 10. Rad1 b4 11. Na4 Ngf6 12. Qd3 Ng4 13. c4 Nxe3 14. Qxe3 O-O 15. Bd3 a5 16. g3 Nf6 17.
Nh4 Bc8 18. Kg2 Bd7 19. b3 Ng4 20. Qf4 Rb8 21. h3 Ne5 22. Qe3 Qc8 23. g4 Nxd3 24. Rxd3 Bxa4 25. bxa4 Qd7 26. f4 Qxa4 27. e5 Qxa2+ 28.
Rf2 Qxc4 0-1

[Event "*** Titled Tuesday Blitz"]
[Site "Chess.com"]
[Date "2020.11.10"]
[Round "10"]
[White "zmeeed67"]
[Black "Ave_Mariia"]
[Result "0-1"]
[WhiteElo "2360"]
[BlackElo "2507"]
[TimeControl "180+1"]
[EndTime "12:01:27 PST"]
[Termination "Ave_Mariia won by resignation"]

1. e4 c5 2. g3 Nc6 3. Bg2 g6 4.
Ne2 Bg7 5. O-O Nf6 6. Nbc3 d6 7. a3 O-O 8. Rb1 Nd4 9. Nxd4 cxd4 10. Ne2 d5 11. e5 Ng4 12. Nxd4 Nxe5 13. Nf3 Bg4 14. d4 Nc4 15. h3 Bf5 16. b3 Nd6 17. Ne5 Rc8 18. Rb2 Be4 19. f3 Bf5 20. g4 f6 21.
gxf5 fxe5 22. dxe5 Nxf5 23. f4 Qb6+ 24. Kh2 d4 25.
Qe1 Ne3 26. Bxe3 dxe3 27. Rf3 Bh6 28. Kg3 Qd4 29. Ra2 Bxf4+ 30. Kg4 Bxe5+ 31. Kg5 Bf6+ 32. Kh6 Bg7+ 33. Kg5 Rc5+ 0-1

[Event "*** Titled Tuesday Blitz"]
[Site "Chess.com"]
[Date "2020.11.10"]
[Round "10"]
[White "AttractiveMustard"]
[Black "xberli"]
[Result "0-1"]
[WhiteElo "2396"]
[BlackElo "2531"]
[TimeControl "180+1"]
[EndTime "12:01:30 PST"]
[Termination "xberli won on time"]

1. e4 c5 2. Nf3 d6 3. d4 cxd4 4. Nxd4 Nf6 5. Nc3 a6 6. Be3 e5 7. Nf3 Be7 8. Bc4 O-O 9. O-O Be6 10. Bxe6 fxe6 11. Na4 Nbd7 12. c4 Nxe4 13. Qb3 Qc8 14. c5 d5 15. Rac1 Kh8 16. Nb6 Qc7 17. Nxa8 Rxa8 18.
Qc2 Rf8 19. b4 Nb8 20. a3 Nc6 21. Rfd1 Nf6 22. Bg5 e4 23. Nd4 Nxd4 24. Rxd4 Ng4 25. g3 Bxg5 26. Rf1 Ne5 27. f4 exf3 28. Rdd1 Ng4 29.
h3 Qxg3+ 0-1

[Event "*** Titled Tuesday Blitz"]
[Site "Chess.com"]
[Date "2020.11.10"]
[Round "10"]
[White "JiiHart"]
[Black "Javylavilla"]
[Result "0-1"]
[WhiteElo "2082"]
[BlackElo "2257"]
[TimeControl "180+1"]
[EndTime "12:01:30 PST"]
[Termination "Javylavilla won by resignation"]

1. e4 c5 2. Nf3 Nc6 3. d4 cxd4 4. Nxd4 Nf6 5. Nc3 d6 6. Bg5 e6 7. Qd2 a6 8. O-O-O Bd7 9. f4 h6 10. Bh4 g5 11. fxg5 Ng4 12. Nf3 Be7 13. g3 Nge5 14. Nxe5 Nxe5 15. gxh6 Bxh4 16. gxh4 Qxh4 17. Qxd6 Qg5+ 18.
Kb1 Rd8 19. h7 Rxh7 20. Be2 Bc6 21. Rhg1 Rxd6 22. Rxg5 Rxd1+ 23. Bxd1 f6 24. Rg2 f5 25. Re2 f4 26. Rf2 f3 27. Bxf3 Nxf3 28. Rxf3 Rxh2 29. b3 b5 30. Kb2 b4 31. Nd1 Bxe4 32. Rf2 Rxf2 33. Nxf2 Bf5 34. c3 bxc3+ 35. Kxc3 Kd7 36. Kd4 Kd6 37. Nd1 e5+ 38. Ke3 Kc5 39. a3 Bc2 40. b4+ Kc4 41. Nf2 Kb3 42. Kd2 Bf5 43. Nd3 Bxd3 44.
Kxd3 Kxa3 45. Ke4 Kxb4 46. Kxe5 a5 47. Kd4 a4 48. Kd3 Kb3 0-1

[Event "*** Titled Tuesday Blitz"]
[Site "Chess.com"]
[Date "2020.11.10"]
[Round "10"]
[White "Mikhal867"]
[Black "Volodar_Murzin"]
[Result "0-1"]
[WhiteElo "2358"]
[BlackElo "2562"]
[TimeControl "180+1"]
[EndTime "12:01:31 PST"]
[Termination "Volodar_Murzin won by checkmate"]

1. c4 Nf6 2. Nc3 g6 3. e4 d6 4. d4 Bg7 5. f3 O-O 6. Be3 c5 7. Nge2 Nc6 8. Qd2 cxd4 9. Nxd4 Bd7 10. Be2 a6 11. O-O Rc8 12. Rfd1 Nxd4 13. Bxd4 Bc6 14. Nd5 Bxd5 15. exd5 Nd7 16. Bxg7 Kxg7 17. Qd4+ Kg8 18.
f4 Qb6 19. Qxb6 Nxb6 20. b3 a5 21. a4 Nd7 22. Bg4 f5 23. Bf3 Nc5 24. Rab1 Kf7 25. Re1 Kf6 26. Re3 Rg8 27. Rbe1 Rc7 28. g4 g5 29.
fxg5+ Rxg5 30. h4 Rg7 31. g5+ Kg6 32. Kh2 f4 33. Rc3 h6 34. Rg1 hxg5 35. Rxg5+ Kf6 36.
Rxg7 Kxg7 37. Kh3 Kf6 38. Bd1 Rc8 39. h5 Rg8 40. Rf3 Ke5 41. Bc2 e6 42. dxe6 Nxe6 43. Rf1 Nd4 44. Re1+ Kf6 45. Bd1 Rg3+ 46. Kh4 Nf5# 0-1

[Event "*** Titled Tuesday Blitz"]
[Site "Chess.com"]
[Date "2020.11.10"]
[Round "10"]
[White "KononenkoD"]
[Black "Das_Virus_2020"]
[Result "1-0"]
[WhiteElo "2607"]
[BlackElo "2425"]
[TimeControl "180+1"]
[EndTime "12:01:32 PST"]
[Termination "KononenkoD won by resignation"]

1. d4 Nf6 2. c4 c5 3. Nf3 cxd4 4. Nxd4 b6 5. f3 Bb7 6. e4 d6 7. Nc3 Nbd7 8. Be3 e6 9. Be2 a6 10. O-O Rc8 11. Rc1 h6 12. Qe1 g5 13. Qf2 Ne5 14.
Na4 Nfd7 15. b4 Rg8 16. Nb3 g4 17. f4 Ng6 18. Nxb6 Nxb6 19. Bxb6 Qd7 20. c5 Bxe4 21.
Bxa6 Rb8 22. Qe2 Bd5 23. Nd4 Bg7 24. Nb5 Rxb6 25. cxb6 Nh4 26. Nc7+ Kf8 27. Nxd5 Nf3+ 28. Kh1 Nd4 29. Qc4 exd5 30. Qc8+ Qxc8 31. Rxc8+ 1-0

[Event "*** Titled Tuesday Blitz"]
[Site "Chess.com"]
[Date "2020.11.10"]
[Round "10"]
[White "IrishMonkey"]
[Black "ShcufNaiRolf"]
[Result "1-0"]
[WhiteElo "2461"]
[BlackElo "2330"]
[TimeControl "180+1"]
[EndTime "12:01:32 PST"]
[Termination "IrishMonkey won by resignation"]

1. Nc3 d5 2. d4 Nf6 3. Bg5 Nbd7 4. f3 e6 5. e4 h6 6. Bh4 dxe4 7. fxe4 Bb4 8. Qf3 g5 9. Bg3 c5 10. O-O-O Bxc3 11. Qxc3 Nxe4 12. Qe3 Nxg3 13. hxg3 cxd4 14. Rxd4 Qf6 15. Nf3 O-O 16. Bb5 Nb6 17. Kb1 Nd5 18. Qe4 Qg7 19. Qe2 a6 20. Bc4 Nf6 21. Ne5 b5 22. Bd3 Bb7 23. Qf2 Rfd8 24. Rxd8+ Rxd8 25. Rf1 Bd5 26. Qxf6 Qxf6 27. Rxf6 Rf8 28. Rxh6 f6 29.
Rg6+ Kh8 30. Nd7 Rd8 31. Nxf6 Bc4 32. Rxg5 e5 33. a3 Bxd3 34. cxd3 1-0

[Event "*** Titled Tuesday Blitz"]
[Site "Chess.com"]
[Date "2020.11.10"]
[Round "10"]
[White "Witik"]
[Black "Guenplen"]
[Result "0-1"]
[WhiteElo "2660"]
[BlackElo "2876"]
[TimeControl "180+1"]
[EndTime "12:01:33 PST"]
[Termination "Guenplen won on time"]

1. e4 c5 2. Nf3 e6 3. d4 cxd4 4. Nxd4 Nf6 5. Nc3 Nc6 6. Ndb5 Bc5 7. Bf4 O-O 8. Bd6 b6 9. Be2 a6 10. Bxc5 bxc5 11. Nd6 Rb8 12. Rb1 Rb4 13. Bc4 Ne5 14. b3 Nxc4 15. bxc4 Ne8 16. Rxb4 cxb4 17. Na4 Nxd6 18.
Qxd6 Bb7 19. Nc5 Bc6 20. O-O Qa5 21. Nxd7 Bxd7 22. Qxd7 Qxa2 23. c5 Qxc2 24. c6 b3 25.
Qb7 a5 26. c7 h6 27. h3 a4 28. Ra1 b2 29. Re1 a3 30. Qb4 a2 0-1

[Event "*** Titled Tuesday Blitz"]
[Site "Chess.com"]
[Date "2020.11.10"]
[Round "10"]
[White "lefonghua"]
[Black "Fy_Rakotomaharo"]
[Result "0-1"]
[WhiteElo "2475"]
[BlackElo "2629"]
[TimeControl "180+1"]
[EndTime "12:01:33 PST"]
[Termination "Fy_Rakotomaharo won by resignation"]

1. d4 Nf6 2. c4 e6 3. Nc3 Bb4 4. f3 c5 5. d5 d6 6. e4 b5 7. Ne2 O-O 8. Ng3 exd5 9. cxd5 a6 10. a4 bxa4 11. Rxa4 Nbd7 12. Be2 Nb6 13. Ra2 a5 14.
O-O h5 15. Bg5 g6 16. e5 dxe5 17. Nce4 Nbd7 18. Nxf6+ Nxf6 19. Ne4 Qb6 20. Bxf6 Bf5 21. Be7 c4+ 22. Kh1 Bxe7 23. d6 Rfd8 24. Bxc4 Bxd6 25.
Nf6+ Kg7 26. Nd5 Qd4 27. b3 Qxd1 28. Rxd1 Bc5 29. g3 e4 30. Be2 Ra7 31. Kg2 Rad7 32. Rxa5 Rxd5 33. Rxd5 Rxd5 34. b4 Rd2 35. Rxc5 Rxe2+ 36.
Kf1 exf3 0-1

[Event "*** Titled Tuesday Blitz"]
[Site "Chess.com"]
[Date "2020.11.10"]
[Round "10"]
[White "MPGM"]
[Black "ural58"]
[Result "1-0"]
[WhiteElo "2476"]
[BlackElo "2378"]
[TimeControl "180+1"]
[EndTime "12:01:33 PST"]
[Termination "MPGM won by resignation"]

1. d4 d5 2. c4 e5 3. dxe5 d4 4. Nf3 Nc6 5. Nbd2 a5 6. Nb3 Bg4 7. a3 Bxf3 8. exf3 a4 9. Nd2 Qg5 10. Ne4 Qxe5 11. Be2 f5 12. Ng3 g6 13. O-O Nge7 14. Re1 Bg7 15. Bf1 Qd6 16. Bg5 O-O 17. Rc1 h6 18. c5 Qd8 19. Bf4 Kh7 20. h4 Bf6 21. h5 g5 22. Bd2 Kg7 23. Bd3 Qd7 24.
Qc2 f4 25. Nf5+ Nxf5 26. Bxf5 Qf7 27. Bg6 Qg8 28. Re2 Ne5 29. Rce1 d3 30. Bxd3 Nxd3 31. Qxd3 Qf7 32. Bc3 Rad8 33. Bxf6+ Qxf6 34. Re7+ Rf7 35. Qxd8 1-0

[Event "*** Titled Tuesday Blitz"]
[Site "Chess.com"]
[Date "2020.11.10"]
[Round "10"]
[White "yourstrulyme"]
[Black "Quiet_Desperation"]
[Result "1/2-1/2"]
[WhiteElo "2381"]
[BlackElo "1783"]
[TimeControl "180+1"]
[EndTime "12:01:35 PST"]
[Termination "Game drawn - insufficient material"]

1. d4 d5 2. Bf4 Bg4 3. h3 Bc8 4.
Nf3 Nc6 5. e3 a6 6. c4 Nf6 7.
Nc3 e6 8. Rc1 Bb4 9. Bd3 O-O 10.
O-O h6 11. Ne2 Bd6 12. c5 Bxf4 13. Nxf4 Re8 14. Ne5 Nxe5 15. dxe5 Nd7 16. Qh5 Qg5 17.
c6 bxc6 18. Rxc6 Nxe5 19. Rc3 Nxd3 20. Qxg5 hxg5 21. Nxd3 a5 22. Rfc1 Ba6 23. Nc5 Bb5 24.
Nb3 Bc4 25. Nd2 Bxa2 26. Ra3 Bc4 27. Nxc4 dxc4 28. Rxc4 Reb8 29. Rxc7 Rxb2 30. Rc5 a4 31. Rxg5 f5 32. e4 Rb3 33. Rg3 Rxa3 34. Rxa3 Kf7 35. e5 Ke7 36. f4 Kd7 37. Kf2 Kc6 38. Kg3 Kb5 39. Kh4 Kb4 40. Ra1 a3 41. Kg5 Kb3 42.
Kg6 Ra7 43. g4 fxg4 44. hxg4 Kb2 45. Rh1 a2 46. f5 exf5 47. gxf5 a1=Q 48. Rxa1 Kxa1 49.
f6 gxf6 50. exf6 Kb2 51. f7 Ra8 52. Kg7 Kc3 53. f8=Q Rxf8 54. Kxf8 1/2-1/2

[Event "*** Titled Tuesday Blitz"]
[Site "Chess.com"]
[Date "2020.11.10"]
[Round "10"]
[White "szachuspl"]
[Black "orestn"]
[Result "0-1"]
[WhiteElo "2516"]
[BlackElo "2298"]
[TimeControl "180+1"]
[EndTime "12:01:36 PST"]
[Termination "orestn won by resignation"]

1. d4 d5 2. c4 e6 3. Nc3 Nf6 4. Nf3 Nbd7 5. Bg5 h6 6. Bh4 Be7 7. e3 O-O 8. cxd5 Nxd5 9. Bxe7 Nxe7 10. Bd3 c5 11. O-O b6 12. Qe2 Bb7 13. Rfd1 cxd4 14. Nxd4 Qb8 15. Rac1 Rc8 16. Bb1 Nf6 17. f3 a6 18. Qf2 b5 19. Qh4 Nc6 20. Nde2 Qa7 21. Qf2 Rd8 22. g4 Ne5 23. e4 Nxf3+ 24. Kf1 Qxf2+ 25.
Kxf2 Nxh2 26. g5 hxg5 27. Kg3 Nhg4 28. Rd4 Rxd4 29. Nxd4 Ne5 30. Nb3 Rc8 31. Rd1 b4 32.
Na4 Bxe4 33. Nac5 Bxb1 34. Rxb1 a5 35. Rd1 Nd5 36. Rd4 Kh7 37. Ne4 Kg6 38. Nxa5 Rc2 39. Rd2 Rxd2 40. Nxd2 f5 41. Nb7 f4+ 42. Kf2 g4 43.
Nc5 Kf5 44. a4 bxa3 45. bxa3 g3+ 46. Kg2 Ne3+ 47. Kh3 g5 48. a4 g4+ 49. Kh4 g2 0-1

[Event "*** Titled Tuesday Blitz"]
[Site "Chess.com"]
[Date "2020.11.10"]
[Round "10"]
[White "FMalexhdez"]
[Black "Chamal_Gedgafov"]
[Result "1-0"]
[WhiteElo "2263"]
[BlackElo "2143"]
[TimeControl "180+1"]
[EndTime "12:01:37 PST"]
[Termination "FMalexhdez won on time"]

1. e4 e6 2. d4 d5 3. Nc3 Bb4 4.
e5 c5 5. a3 Bxc3+ 6. bxc3 Ne7 7. Nf3 b6 8. Be2 Ba6 9. O-O Bxe2 10. Qxe2 Qd7 11. c4 cxd4 12. Nxd4 Nbc6 13. Nb5 dxc4 14.
Nd6+ Kf8 15. Bb2 Ng6 16. Rfd1 h5 17. a4 h4 18. h3 Qc7 19. Nxc4 Na5 20. Ba3+ Kg8 21.
Nxa5 bxa5 22. Bd6 Qc6 23. Rab1 Nf4 24. Qf1 Rh6 25. Rd4 Nd5 26. c4 1-0

[Event "*** Titled Tuesday Blitz"]
[Site "Chess.com"]
[Date "2020.11.10"]
[Round "10"]
[White "horripile"]
[Black "Happy1712Drummer"]
[Result "1-0"]
[WhiteElo "2679"]
[BlackElo "2243"]
[TimeControl "180+1"]
[EndTime "12:01:38 PST"]
[Termination "horripile won on time"]

1. e4 c6 2. d4 d5 3. Nd2 dxe4 4.
Nxe4 Nf6 5. Nxf6+ exf6 6. c3 Bd6 7.
Bd3 Qc7 8. Ne2 h5 9. h3 Be6 10. Be3 Nd7 11. Qc2 b5 12. a4 b4 13. c4 b3 14. Qxb3 Rb8 15. Qc2 Bb4+ 16. Kf1 O-O 17. b3 Rfe8 18. g3 Nf8 19. Nf4 c5 20. d5 Bd7 21. Rd1 Rxe3 22. fxe3 Re8 23. Kf2 Qe5 24. Qe2 h4 25. gxh4 Bc3 26. Kg2 Bf5 27. Bxf5 Qxf5 28. Qd3 Qe5 29. d6 Nd7 30. Nd5 Ba5 31. Rhf1 g6 32. Rf3 f5 33. h5 Qxd6 34. hxg6 fxg6 35.
Nf4 Qxd3 36. Nxd3 Bc7 37. h4 Kg7 38. h5 Nf6 39. hxg6 Ng4 40. Re1 Kxg6 41. Rh3 Kg5 42. Nxc5 Bb6 43. Nd3 Bxe3 44. Kf3 f4 45. Nxf4 Rf8 46.
Rh5+ 1-0

[Event "*** Titled Tuesday Blitz"]
[Site "Chess.com"]
[Date "2020.11.10"]
[Round "10"]
[White "sboshaon21"]
[Black "LubovMarkelova"]
[Result "0-1"]
[WhiteElo "2064"]
[BlackElo "2216"]
[TimeControl "180+1"]
[EndTime "12:01:43 PST"]
[Termination "LubovMarkelova won by resignation"]

1. e4 e6 2. d4 d5 3. exd5 exd5 4. Nf3 Bd6 5. Bd3 Nc6 6. O-O Nge7 7. Bg5 f6 8. Bh4 Bg4 9. c3 Qd7 10. Nbd2 O-O-O 11. b4 g5 12. Bg3 Bxg3 13. hxg3 h5 14. Qa4 h4 15. gxh4 Bxf3 16. Nxf3 g4 17. Nd2 Rxh4 18. g3 Rh3 19. Kg2 Rdh8 20. Rh1 Qd6 21. b5 Nb8 22. Qxa7 f5 23. Rae1 Rxh1 24. Rxh1 Rxh1 25. Kxh1 Qh6+ 26. Kg2 Qxd2 27. Bb1 Qxc3 28. Qa3 Qxa3 0-1

[Event "*** Titled Tuesday Blitz"]
[Site "Chess.com"]
[Date "2020.11.10"]
[Round "10"]
[White "nelsoncopa"]
[Black "rududuyk"]
[Result "0-1"]
[WhiteElo "1907"]
[BlackElo "2151"]
[TimeControl "180+1"]
[EndTime "12:01:43 PST"]
[Termination "rududuyk won on time"]

1. d4 e6 2. c4 f5 3. Nc3 Nf6 4.
Nf3 d6 5. e3 Be7 6. Be2 O-O 7.
O-O b6 8. b4 Bb7 9. Bb2 Qe8 10.
a4 a5 11. b5 Ne4 12. Nd2 Nxc3 13. Bxc3 Bf6 14. Rc1 e5 15. dxe5 dxe5 16. Nf3 Nd7 17. Qc2 Be4 18. Qb2 Kh8 19. Rfd1 Bxf3 20. Bxf3 e4 21. Bxf6 Rxf6 22. Be2 Nc5 23. Rd5 Nxa4 24. Qd4 Nc5 25. Rd1 Ne6 26. Qe5 Rf8 27. Rd7 a4 28. c5 Rg8 29. Bc4 Nxc5 30. Qxe8 Rgxe8 31. Rxc7 a3 32. Bd5 Red8 33. Rd2 Rxd5 34. Rxd5 a2 35. h3 a1=Q+ 36.
Kh2 h6 0-1

[Event "*** Titled Tuesday Blitz"]
[Site "Chess.com"]
[Date "2020.11.10"]
[Round "10"]
[White "Malysch"]
[Black "AlexSuv"]
[Result "0-1"]
[WhiteElo "2410"]
[BlackElo "2581"]
[TimeControl "180+1"]
[EndTime "12:01:46 PST"]
[Termination "AlexSuv won on time"]

1. e4 c5 2. Nf3 e6 3. d4 cxd4 4.
Nxd4 Nc6 5. Nc3 Qc7 6. Be3 a6 7.
Qf3 Nf6 8. O-O-O Rb8 9. Qg3 Qxg3 10. hxg3 Ng4 11. Nxc6 bxc6 12. Ba7 Rb7 13. Be2 Rxa7 14.
Bxg4 d6 15. f4 Be7 16. Bf3 e5 17. Rd2 O-O 18. Rhd1 Be6 19. f5 Bc8 20. Rxd6 Bxd6 21. Rxd6 Rc7 22. Be2 g6 23. g4 Kg7 24. Bc4 Kh6 25. Na4 Kg5 26. Nc5 Kxg4 27. f6 h5 28. Nd3 Kg3 29. Nxe5 Kxg2 30. Rd2+ Kg3 31. Rd3+ Kf4 32.
Nf3 g5 33. e5 g4 34. Nh4 Kxe5 35. Re3+ Kxf6 36. Re1 Kg5 0-1

[Event "*** Titled Tuesday Blitz"]
[Site "Chess.com"]
[Date "2020.11.10"]
[Round "10"]
[White "Blitzking642"]
[Black "Brave_spirit12"]
[Result "0-1"]
[WhiteElo "2280"]
[BlackElo "2473"]
[TimeControl "180+1"]
[EndTime "12:01:48 PST"]
[Termination "Brave_spirit12 won by resignation"]

1. e4 e6 2. d4 d5 3. e5 c5 4.
c3 Nc6 5. Nf3 Qb6 6. Be2 f6 7.
exf6 Nxf6 8. O-O Bd6 9. Na3 O-O 10. Nc2 Bd7 11. Re1 Rae8 12. Bf1 e5 13. dxe5 Nxe5 14. Nxe5 Bxe5 15. g3 Bg4 16. Be2 Bxe2 17. Rxe2 d4 18. cxd4 cxd4 19. Ne1 Ng4 20. Nd3 Qf6 21. Bf4 Bxf4 22.
Rxe8 Rxe8 23. Qxg4 Bd6 24. Re1 Rxe1+ 25. Nxe1 h6 26.
Qc8+ Kh7 27. Qxb7 Qe5 28. Nd3 Qe2 29. Qb3 a5 30. a4 Bb4 31. Kg2 Qe4+ 32. Kg1 Kh8 33.
Nf4 Bd2 34. Qd3 Qe1+ 35. Qf1 Qe8 36. Qe2 Qxe2 37. Nxe2 d3 38. Nd4 Bc3 39. Nb3 d2 0-1

[Event "*** Titled Tuesday Blitz"]
[Site "Chess.com"]
[Date "2020.11.10"]
[Round "10"]
[White "Nikolaj_6"]
[Black "KetiGrant"]
[Result "1-0"]
[WhiteElo "2591"]
[BlackElo "2421"]
[TimeControl "180+1"]
[EndTime "12:01:49 PST"]
[Termination "Nikolaj_6 won on time"]

1. e4 c5 2. Nf3 Nc6 3. d4 cxd4 4. Nxd4 e5 5. Nb5 d6 6. N1c3 a6 7. Na3 Be7 8. Nc4 b5 9. Ne3 Nf6 10. g3 O-O 11. Bg2 Nd4 12. O-O Rb8 13. Ncd5 Nxd5 14.
Nxd5 f5 15. c3 Nc6 16. exf5 Bxf5 17. a4 b4 18. Be3 bxc3 19. bxc3 Kh8 20. a5 Bg5 21. Bb6 Qd7 22. Qe2 Rbe8 23. Qxa6 e4 24. Qb5 Re5 25. c4 Bd8 26. Bxd8 Rxd8 27. a6 Na7 28. Qxd7 Bxd7 29. Rfb1 Bc6 30. Ne3 h6 31. Rb6 Rc5 32. h4 Re8 33. Rd1 Nc8 34. Rb8 Ra5 35. Bh3 1-0

[Event "*** Titled Tuesday Blitz"]
[Site "Chess.com"]
[Date "2020.11.10"]
[Round "10"]
[White "gilbert_gm"]
[Black "124chess"]
[Result "0-1"]
[WhiteElo "2554"]
[BlackElo "2727"]
[TimeControl "180+1"]
[EndTime "12:01:51 PST"]
[Termination "124chess won on time"]

1. e4 e6 2. d4 d5 3. Nc3 Bb4 4.
e5 c5 5. Bd2 Ne7 6. Nb5 Bxd2+ 7. Qxd2 O-O 8. dxc5 Nd7 9. f4 Nxc5 10. Bd3 Qb6 11.
Nf3 Bd7 12. Nd6 Nf5 13. Bxf5 exf5 14. Qd4 Ne4 15. Qxb6 axb6 16. Nd4 Nxd6 17. exd6 Rfe8+ 18. Kd2 Re4 19. c3 Rxf4 20. Rhf1 Rxf1 21. Rxf1 Rd8 22. Re1 Kf8 23. Re7 Bc6 24. Nxf5 d4 25. cxd4 Bxg2 26.
Rc7 Be4 27. Ng3 Bd5 28. Nf5 g6 29. Ne3 Bc6 30. Kc3 Rxd6 31. Nc4 Rd8 32. Nxb6 h5 33. a4 g5 34. b4 g4 35. b5 Bf3 36. Nc4 Bd5 37. Ne5 b6 0-1

[Event "*** Titled Tuesday Blitz"]
[Site "Chess.com"]
[Date "2020.11.10"]
[Round "10"]
[White "kuli4ik"]
[Black "sjam6687"]
[Result "0-1"]
[WhiteElo "2847"]
[BlackElo "2737"]
[TimeControl "180+1"]
[EndTime "12:01:54 PST"]
[Termination "sjam6687 won on time"]

1. Nf3 d5 2. d4 Nf6 3. Bf4 c5 4. dxc5 e6 5. e3 Bxc5 6. Be2 O-O 7. O-O Nc6 8. c4 Qb6 9. Nc3 Qxb2 10. Na4 Qa3 11. Nxc5 Qxc5 12. Rc1 Qa3 13. Bg5 Ne4 14. cxd5 exd5 15. Qxd5 Nxg5 16. Nxg5 h6 17.
Nf3 Be6 18. Qb5 Qxa2 19. Qxb7 Qxe2 20. Qxc6 Rac8 21. Qa4 Rxc1 22. Rxc1 Rd8 23. Nd4 Qb2 24. Ra1 Rc8 25. h3 Rc1+ 26. Rxc1 Qxc1+ 27. Kh2 Qc7+ 28. f4 Bd5 29. Kg3 g6 30. Kf2 Kg7 31. Nb5 Qb6 32. Qa1+ Kg8 33. Nxa7 Qc5 34. Qd4 Qc2+ 35. Ke1 Qxg2 36.
Nc8 Bf3 37. Ne7+ Kf8 38. Qd8+ Kg7 39. Qd4+ Kf8 40. Qd8+ Kg7 41. Qd4+ Kh7 42. Qc4 Qg3+ 43. Kd2 Qf2+ 44. Kc3 Qxe3+ 45. Kb2 Qxe7 0-1

[Event "*** Titled Tuesday Blitz"]
[Site "Chess.com"]
[Date "2020.11.10"]
[Round "10"]
[White "klimkoj"]
[Black "geordie_derraugh"]
[Result "1-0"]
[WhiteElo "2626"]
[BlackElo "2468"]
[TimeControl "180+1"]
[EndTime "12:01:54 PST"]
[Termination "klimkoj won by resignation"]

1. e4 c5 2. Nf3 e6 3. d4 cxd4 4. Nxd4 Nc6 5. Nc3 Qc7 6. Be2 a6 7. O-O Nf6 8. Be3 d6 9. f4 Bd7 10. Qe1 b5 11. Bd3 Be7 12. Qg3 h5 13. Nxc6 Bxc6 14.
Bd4 h4 15. Qf3 Qb7 16. a3 d5 17. Bxf6 Bxf6 18. exd5 Bxc3 19. dxc6 Qa7+ 20. Kh1 Bxb2 21.
Rae1 Kf8 22. f5 e5 23. Qd5 Qc7 24. f6 g6 25. Qc5+ Kg8 26. c3 Rd8 27. Be4 h3 28. g3 Rd2 29. Qe7 Qxe7 30. fxe7 Kg7 31. Rd1 Rxd1 32. Rxd1 Bxa3 33. Rd8 Bxe7 34. Rxh8 Kxh8 35.
c7 1-0

[Event "*** Titled Tuesday Blitz"]
[Site "Chess.com"]
[Date "2020.11.10"]
[Round "10"]
[White "Makswolf200817"]
[Black "Jenia84"]
[Result "1-0"]
[WhiteElo "2448"]
[BlackElo "2312"]
[TimeControl "180+1"]
[EndTime "12:01:54 PST"]
[Termination "Makswolf200817 won by resignation"]

1. d4 Nf6 2. c4 e6 3. g3 d5 4. Nf3 Bb4+ 5. Bd2 Bd6 6. Bg2 O-O 7.
O-O c6 8. Qc2 Bc7 9. Rd1 Nbd7 10.
b4 a6 11. a4 Ne4 12. Be1 f5 13. Nc3 Ndf6 14. b5 axb5 15. axb5 Rxa1 16. Rxa1 Nxc3 17. Bxc3 Ne4 18. Bb4 Re8 19. Ra8 Qd7 20. e3 g5 21.
h4 g4 22. Ne1 cxb5 23. cxd5 exd5 24. Nd3 Qc6 25. Qb2 Bd7 26. Ra1 Qc4 27. Bxe4 fxe4 28. Nc5 Bc6 29. Rc1 b6 30. Rxc4 bxc4 31. Na6 Bd8 32.
Bd6 Bb7 33. Nc7 Rf8 34. Qxb6 1-0

[Event "*** Titled Tuesday Blitz"]
[Site "Chess.com"]
[Date "2020.11.10"]
[Round "10"]
[White "lilleper1"]
[Black "Love_craft"]
[Result "1-0"]
[WhiteElo "2821"]
[BlackElo "2596"]
[TimeControl "180+1"]
[EndTime "12:01:55 PST"]
[Termination "lilleper1 won by checkmate"]

1. e4 g6 2. d4 Bg7 3. Nc3 d6 4. Be3 a6 5. Qd2 b5 6. h4 h5 7.
Nf3 Bb7 8. Ng5 Nf6 9. f3 O-O 10. O-O-O Nbd7 11. g4 Rc8 12. gxh5 Nxh5 13. Bh3 e6 14. Ne2 Nb6 15. b3 Qf6 16. Bg4 c5 17. Bxh5 gxh5 18. Rhg1 c4 19. Nf4 d5 20. Nxh5 Qe7 21. Kb1 cxb3 22. cxb3 Nc4 23. bxc4 Rxc4 24. Nxg7 Qa3 25. N5xe6 Rfc8 26. Nf5+ Kh8 27. Nc5 dxe4 28. Bg5 e3 29. Bf6+ Kh7 30. Rg7+ Kh8 31. Rg6+ Kh7 32.
Rh6+ Kg8 33. Rh8# 1-0

[Event "*** Titled Tuesday Blitz"]
[Site "Chess.com"]
[Date "2020.11.10"]
[Round "10"]
[White "Ural_bogatyr"]
[Black "Obito24"]
[Result "1-0"]
[WhiteElo "2421"]
[BlackElo "2566"]
[TimeControl "180+1"]
[EndTime "12:01:55 PST"]
[Termination "Ural_bogatyr won by resignation"]

1. e4 e5 2. Nf3 Nc6 3. Bb5 a6 4. Bxc6 dxc6 5. O-O Bd6 6. d4 exd4 7. Qxd4 Bf8 8. Qxd8+ Kxd8 9. Rd1+ Ke8 10. Bf4 Bg4 11. Bxc7 Nf6 12. Nbd2 Be7 13. c4 h6 14. e5 Nd7 15. Ne4 Nc5 16. Nxc5 Bxc5 17. h3 Be6 18. b3 a5 19. Nd4 Bc8 20. Bd6 Bxd4 21. Rxd4 a4 22.
b4 Be6 23. a3 g5 24. Rc1 h5 25.
b5 g4 26. h4 Rh6 27. Rb1 f6 28. bxc6 bxc6 29. Rb7 Rd8 30. Re7+ 1-0

[Event "*** Titled Tuesday Blitz"]
[Site "Chess.com"]
[Date "2020.11.10"]
[Round "10"]
[White "hansen"]
[Black "DrVelja"]
[Result "1-0"]
[WhiteElo "2904"]
[BlackElo "2770"]
[TimeControl "180+1"]
[EndTime "12:01:57 PST"]
[Termination "hansen won by resignation"]

1. e4 c5 2. Nf3 Nc6 3. Bb5 g6 4.
O-O Bg7 5. Bxc6 dxc6 6. h3 Nf6 7. d3 Nd7 8. Nc3 e5 9. Be3 b6 10. Qd2 h6 11. Nh2 Nf6 12. a4 a5 13.
b3 Nd5 14. exd5 cxd5 15. Rae1 Be6 16. Nb5 d4 17. Nf3 dxe3 18. Qxe3 O-O 19. Nxe5 Bd5 20.
Qf4 g5 21. Qf5 Be6 22. Qf3 Bd5 23. Qh5 Re8 24. Ng4 Rxe1 25. Rxe1 Kh7 26. Ne3 Bc6 27. Qxf7 Qe8 28. Qf5+ Qg6 29. Qxg6+ Kxg6 30. Nc4 Kf6 31. Nxb6 Rb8 32. Nc4 Bxb5 33. axb5 Rb6 34. Nxb6 1-0